 Dungeon Crawl Stone Soup version 0.25-a0-1024-gbfbf38f (webtiles) character file.

Game seed: 17299115995768719930, levelgen mode: deterministic

10262 DrKleor the Carver (level 11, -11/79 HPs)
             Began as a Human Fighter on May 12, 2020.
             Was a High Priest of Okawaru.
             Mangled by a minotaur
             ... wielding the +9 whip of Might {vorpal, rC+ rN+ Dex+2 Stlth+}
              (23 damage)
             ... in a Gauntlet.
             The game lasted 00:41:29 (14471 turns).

DrKleor the Carver (Human Fighter)                 Turns: 14471, Time: 00:41:29

Health: -11/79     AC: 22    Str: 20    XL:     11   Next: 89%
Magic:  10/16      EV:  3    Int:  9    God:    Okawaru [*****.]
Gold:   318        SH: 11    Dex: 10    Spells: 10/10 levels left

rFire    + . .     SeeInvis .   a - +1 long sword
rCold    + + .     Gourm    .   c - +0 kite shield
rNeg     . . .     Faith    .   d - +0 gold dragon scales
rPois    +         Spirit   .   u - +0 hat of Lifelessness {*Contam rC+ Slay+6}
rElec    .         Reflect  .   (no cloak)
rCorr    .         Harm     .   B - +0 pair of gloves
MR       +....     NoTele   +   x - +0 pair of boots
Stlth    ..........             (no amulet)
HPRegen  0.23/turn              k - +2 ring of protection
MPRegen  0.15/turn              K - +2 ring of strength

@: heroism, finesse
A: blurry vision 1, clumsy 1, low mp 1, magic resistance 1, screaming 1,
teleportitis 1, weak 1
a: Heroism, Finesse, Renounce Religion


You were in a Gauntlet.
You worshipped Okawaru.
Okawaru was extremely pleased with you.
You were hungry.

You visited 2 branches of the dungeon, and saw 12 of its levels.
You also visited: Gauntlet.

You collected 438 gold pieces.
You spent 120 gold pieces at shops.

Inventory:

Hand Weapons
 a - a +1 long sword (weapon)
Missiles
 m - 53 poisoned darts (quivered)
Armour
 c - a +0 kite shield (worn)
 d - +0 gold dragon scales (worn)
 n - +0 shadow dragon scales
 u - the +0 hat of Lifelessness (worn) {*Contam rC+ Slay+6}
   (You found it in a Gauntlet)

   It affects your accuracy and damage with ranged weapons and melee attacks
   (+6).
   It protects you from cold.
   It causes magical contamination when unequipped.
 x - a +0 pair of boots (worn)
 B - a +0 pair of gloves (worn)
 F - a +0 helmet
Jewellery
 h - a +3 ring of dexterity
 k - a +2 ring of protection (left hand)
 z - an uncursed ring of poison resistance
 K - a +2 ring of strength (right hand)
Wands
 s - a wand of polymorph (8)
 C - a wand of random effects (6)
 D - a wand of acid (3)
 G - a wand of flame (11)
Scrolls
 g - 3 scrolls of teleportation
 j - a scroll of immolation {unknown}
 l - 2 scrolls of noise {unknown}
 o - 3 scrolls of blinking {unknown}
 q - 3 scrolls of enchant weapon
 r - 3 scrolls of remove curse
 t - a scroll of random uselessness {unknown}
 v - 3 scrolls of fog {unknown}
 w - 3 scrolls of fear {unknown}
 y - a scroll of brand weapon {unknown}
 A - a scroll of magic mapping {unknown}
 E - a scroll of enchant armour {unknown}
Potions
 b - a potion of flight
 e - a potion of cancellation {unknown}
 i - 3 potions of magic
 p - 4 potions of brilliance
 H - a potion of lignification {unknown}
 L - a potion of invisibility {unknown}
Comestibles
 f - 18 rations


   Skills:
 - Level 5.0(10.0) Fighting
 - Level 14.0(19.0) Long Blades
 + Level 4.9(9.9) Armour
 - Level 3.0(8.0) Shields
 - Level 10.0 Invocations


You had 10 spell levels left.
You didn't know any spells.
Your spell library was empty.

Dungeon Overview and Level Annotations

Branches:
Dungeon (11/15)            Temple (1/1) D:4            Lair (0/6) D:8
Gauntlet (1/1)
    Orc: D:9-12

Altars:
Ashenzari
Dithmenos
Gozag
Hepliaklqana
Kikubaaqudgha
Makhleb
Okawaru
Qazlal
Ru
Sif Muna
Trog
Uskayaw
Wu Jian
Xom
Yredelemnul
Zin

Shops:
D:9 =

Annotations:
D:5 3 runed translucent doors, LufLufFighter's ghost, novice GrEE Gauntlet 2 runed translucent doors, 8 transporters, exclusion: ice statue


Innate Abilities, Weirdness & Mutations

Scrolls take you a little longer to read.
You are clumsy. (Dex -2)
Your magical capacity is low. (-10% MP)
You are resistant to hostile enchantments. (MR+)
You occasionally shout uncontrollably at your foes.
You are occasionally teleported next to monsters.
You are weak. (Str -2)


Message History

Found an encrusted gold wand.
Found a gate leading back out of this place.
The minotaur throws a javelin.
The javelin pierces through you!
There is an open door here.
The minotaur evokes its amulet.
The minotaur goes berserk!
The minotaur hits you but does no damage.
The minotaur gores you.
The minotaur hits you with the +9 whip of Might {vorpal, rC+ rN+ Dex+2 Stlth+}!!
The minotaur gores you!
* * * LOW HITPOINT WARNING * * *
You hit the minotaur but do no damage. You block the minotaur's attack.
The minotaur gores you.
* * * LOW HITPOINT WARNING * * *
Your gold dragon scales prevents you from hitting the minotaur.
The minotaur furiously retaliates!
The minotaur headbutts you!
* * * LOW HITPOINT WARNING * * *
You slash the minotaur!
The minotaur is lightly wounded.
The minotaur hits you with the +9 whip of Might {vorpal, rC+ rN+ Dex+2 Stlth+}!!
You die...

##..#.
#....#####≈..#.
#.##....###..##
..##.##..##....
#....##...#..##
..##.##......#..#J
#....##.##.©.#8.#J
######....##...#..#J
#∩H@.'(##....©.#∩.#©
######.##.##...#..#.
#....##.©.#8.#(
#.##......#..#.
...##.##...#..##
#.##....##..##....
.. #.##....###..##
## ..##.#####≈..##
###### ##..#.


You could see a minotaur (berserk).

Vanquished Creatures
  A two-headed ogre (D:9)
  A fire crab (Gauntlet)
  Pikel (D:7)
  A necromancer (Gauntlet)
  A shining eye (Gauntlet)
  A hippogriff (D:7)
  5 slime creatures
  Prince Ribbit (D:6)
  A spriggan (D:7)
  5 fire bats (Gauntlet)
  2 golden eyes (Gauntlet)
  A hungry ghost (D:10)
  Menkaure (D:7)
  2 wargs (D:9)
  Duvessa (D:7)
  A water moccasin (D:9)
  A hell hound (Gauntlet)
  4 orc warriors
  2 sky beasts
  2 phantoms
  4 ice beasts
  6 wolves (Gauntlet)
  A centaur (D:9)
  4 ogres
  3 bullfrogs
  A gnoll sergeant (D:10)
  A scorpion (D:9)
  13 killer bees
  2 howler monkeys
  2 centaur zombies
  2 crimson imps
  2 hounds
  2 quasits (D:9)
  A jelly (D:10)
  9 orc priests
  A centaur skeleton (D:8)
  12 orc wizards
  2 bullfrog skeletons (D:6)
  6 worker ants
  3 hound skeletons
  6 adders
  3 gnolls (D:3)
  A shadow imp (D:9)
  2 adder skeletons (D:9)
  2 adder zombies
  2 worms
  A dart slug (D:1)
  6 leopard geckos
  59 orcs
  A ball python (D:3)
  6 giant cockroaches
  6 goblins
  8 hobgoblins
  6 jackals
  9 kobolds
  2 quokkas
  7 bats
  10 frilled lizards
  A leopard gecko skeleton (D:5)
  A quokka skeleton (D:7)
  8 rats
259 creatures vanquished.

Vanquished Creatures (others)
  4 slaves (D:7)
  An ice beast (D:8)
  Dowan (D:7)
  A killer bee (D:7)
  An orc wizard (D:7)
  2 orcs (D:7)
  A giant cockroach (D:7)
  A plant (Gauntlet)
12 creatures vanquished.

Grand Total: 271 creatures vanquished

Notes
Turn   | Place    | Note
-------+----------+-------------------------------------------
     0 | D:1      | DrKleor the Human Fighter began the quest for the Orb.
     0 | D:1      | Reached XP level 1. HP: 18/18 MP: 1/1
   379 | D:1      | Reached XP level 2. HP: 24/24 MP: 2/2
   895 | D:1      | Reached XP level 3. HP: 29/29 MP: 3/3
  1381 | D:2      | Reached skill level 3 in Long Blades
  1661 | D:2      | Found an ancient bone altar of Kikubaaqudgha.
  1739 | D:2      | Reached XP level 4. HP: 37/37 MP: 4/4
  2453 | D:3      | Reached XP level 5. HP: 32/42 MP: 5/5
  2967 | D:3      | Reached skill level 4 in Long Blades
  3531 | D:4      | Found a hide-covered altar of Uskayaw.
  3638 | D:4      | Found a staircase to the Ecumenical Temple.
  3656 | Temple   | Entered the Ecumenical Temple
  3668 | Temple   | Reached XP level 6. HP: 28/50 MP: 6/6
  3903 | Temple   | Became a worshipper of Warmaster Okawaru
  3952 | D:4      | Reached skill level 5 in Fighting
  4229 | D:5      | Entered Level 5 of the Dungeon
  4248 | D:5      | Noticed a sky beast
  4292 | D:5      | Killed a sky beast
  4292 | D:5      | Reached skill level 5 in Long Blades
  4511 | D:5      | Noticed an ogre
  4521 | D:5      | Killed an ogre
  4521 | D:5      | Reached * piety under Okawaru
  4521 | D:5      | Reached XP level 7. HP: 30/56 MP: 7/7
  4676 | D:5      | Found a runed translucent gate.
  4676 | D:5      | Found a runed translucent gate.
  4677 | D:5      | Found a runed translucent gate.
  4679 | D:5      | Noticed LufLufFighter's ghost (novice GrEE)
  4811 | D:5      | Reached skill level 6 in Long Blades
  5283 | D:6      | Noticed Prince Ribbit
  5336 | D:6      | Killed Prince Ribbit
  5336 | D:6      | Reached skill level 7 in Long Blades
  5336 | D:6      | Reached XP level 8. HP: 6/62 MP: 8/8
  5703 | D:6      | Reached skill level 8 in Long Blades
  6094 | D:6      | Reached ** piety under Okawaru
  6094 | D:6      | Reached skill level 9 in Long Blades
  6568 | D:7      | Reached XP level 9. HP: 18/68 MP: 9/9
  6889 | D:7      | Reached skill level 10 in Long Blades
  6892 | D:7      | Noticed a hippogriff
  7309 | D:7      | Noticed Pikel
  7329 | D:7      | Killed Pikel
  7329 | D:7      | Reached *** piety under Okawaru
  7329 | D:7      | Reached skill level 11 in Long Blades
  7441 | D:7      | Killed Dowan
  7529 | D:7      | Killed a hippogriff
  7626 | D:7      | Reached skill level 12 in Long Blades
  7644 | D:7      | Noticed Duvessa
  7664 | D:7      | Killed Duvessa
  7691 | D:7      | Reached XP level 10. HP: 39/74 MP: 10/10
  8218 | D:7      | Noticed Menkaure
  8223 | D:7      | Killed Menkaure
  8223 | D:7      | Reached **** piety under Okawaru
  9386 | D:9      | Reached skill level 13 in Long Blades
  9397 | D:9      | Reached skill level 5 in Invocations
  9720 | D:9      | Found Deygic's Jewellery Shop.
  9749 | D:9      | Noticed a two-headed ogre
  9764 | D:9      | Killed a two-headed ogre
 10011 | D:9      | Bought a +2 ring of strength for 120 gold pieces
 10100 | D:9      | Reached XP level 11. HP: 52/79 MP: 12/15
 10107 | D:9      | HP: 3/79 [slime creature (5)]
 10898 | D:8      | Reached ***** piety under Okawaru
 10972 | D:8      | Found a staircase to the Lair.
 11064 | D:8      | Found a shimmering altar of Xom.
 11066 | D:8      | Noticed an angel
 11165 | D:8      | Found a glowing silver altar of Zin.
 12053 | D:10     | Entered Level 10 of the Dungeon
 12107 | D:10     | Noticed a fire dragon
 13349 | D:10     | Reached skill level 14 in Long Blades
 13355 | D:11     | Found a gate leading to a gauntlet.
 13355 | D:11     | Noticed a skeletal warrior
 13358 | D:11     | Noticed a skeletal warrior
 13359 | D:11     | Noticed a skeletal warrior
 13374 | Gauntlet | Entered a Gauntlet
 13374 | Gauntlet | Found a runed translucent door.
 13374 | Gauntlet | Found a transporter.
 13374 | Gauntlet | Found a runed translucent door.
 13374 | Gauntlet | Found a transporter.
 13380 | Gauntlet | Found a transporter.
 13383 | Gauntlet | Found a transporter.
 13383 | Gauntlet | Found a transporter.
 13383 | Gauntlet | Noticed a catoblepas
 13386 | Gauntlet | Found a transporter.
 13422 | Gauntlet | Found a transporter.
 13422 | Gauntlet | Noticed a shining eye
 13425 | Gauntlet | Found a transporter.
 13425 | Gauntlet | Found a transporter.
 13427 | Gauntlet | Noticed a death ooze
 13427 | Gauntlet | Noticed a thrashing horror
 13428 | Gauntlet | Noticed a thrashing horror
 13438 | Gauntlet | Found a transporter.
 13453 | Gauntlet | Found a transporter.
 13460 | Gauntlet | Noticed a fire crab
 13463 | Gauntlet | Found a transporter.
 13477 | Gauntlet | Found a transporter.
 13499 | Gauntlet | Found a transporter.
 13503 | Gauntlet | Noticed a necromancer
 13555 | Gauntlet | Killed a necromancer
 13774 | Gauntlet | Gained mutation: Armour fits poorly on your strangely
                  | shaped body. [a shining eye]
 13776 | Gauntlet | Gained mutation: Your spells are a little easier to cast,
                  | but a little less powerful. [a shining eye]
 13781 | Gauntlet | Gained mutation: You occasionally shout uncontrollably at
                  | your foes. [a shining eye]
 13782 | Gauntlet | Gained mutation: You are occasionally teleported next to
                  | monsters. [a shining eye]
 13784 | Gauntlet | Gained mutation: You tend to lose your temper in combat. [a
                  | shining eye]
 13785 | Gauntlet | Gained mutation: You are clumsy. (Dex -2) [a shining eye]
 13790 | Gauntlet | Gained mutation: You are weak. (Str -2) [a shining eye]
 13792 | Gauntlet | Killed a shining eye
 14017 | Gauntlet | Lost mutation: Your spells are a little easier to cast, but
                  | a little less powerful. [potion of mutation]
 14017 | Gauntlet | Lost mutation: You tend to lose your temper in combat.
                  | [potion of mutation]
 14017 | Gauntlet | Lost mutation: Armour fits poorly on your strangely shaped
                  | body. [potion of mutation]
 14017 | Gauntlet | Gained mutation: Scrolls take you a little longer to read.
                  | [potion of mutation]
 14017 | Gauntlet | Gained mutation: Your magical capacity is low. (-10% MP)
                  | [potion of mutation]
 14017 | Gauntlet | Gained mutation: You are resistant to hostile enchantments.
                  | (MR+) [potion of mutation]
 14057 | Gauntlet | Killed a fire crab
 14057 | Gauntlet | Reached skill level 10 in Invocations
 14436 | Gauntlet | Got a faintly glowing hat
 14453 | Gauntlet | Identified the +0 hat of Lifelessness {*Contam rC+ Slay+6}
                  | (You found it in a Gauntlet)
 14465 | Gauntlet | Identified the +9 whip of Might {vorpal, rC+ rN+ Dex+2
                  | Stlth+}
 14465 | Gauntlet | Noticed a minotaur
 14471 | Gauntlet | Mangled by a minotaur

Illustrated notes

Levels and vault maps discovered:
D:1:      co_arrival_random_square_maze, layout_loops_ring, serial_bayou_ford_a,
          chequers_serial_rivers_micro_d, serial_bayou_pond_c
D:2:      layout_loops_ring, old_standard_altar, first_ration,
          minmay_misc_feat_rugged
D:3:      layout_basic
D:4:      layout_basic, nicolae_overflow_crystal_walls,
          minmay_temple_entry_ruins
D:5:      layout_loops_cross, ebering_ghost_rock_garden, grunt_ministairs_2
D:6:      layout_basic, uniq_prince_ribbit1
D:7:      layout_rooms, the_bakery, uniq_menkaure, uniq_duvessa, uniq_pikel
D:8:      layout_loops_ring, grunt_temple_overflow_order_and_chaos_1,
          erik_lair_orcish_takeover, kennysheep_generic_room_5
D:9:      layout_roguey, serial_shops, nicolae_shop_window_shopping,
          minmay_misc_feat_square, grunt_ministairs_2, minmay_circle_x
D:10:     minmay_the_grid_square_5x5_4x4 [minmay_the_grid_square_5x5_n,
          minmay_the_grid_square_5x5_detours,
          minmay_the_grid_square_5x5_spiral_small,
          minmay_the_grid_square_5x5_beaten_path,
          minmay_the_grid_square_5x5_six_small,
          minmay_the_grid_square_5x5_prize_waves,
          minmay_the_grid_square_5x5_prize_monsterx,
          minmay_the_grid_square_5x5_longway,
          minmay_the_grid_square_5x5_eight_small,
          minmay_the_grid_square_5x5_prize_open,
          minmay_the_grid_square_5x5_prize_deathbox,
          minmay_the_grid_square_5x5_intrusive_squares,
          minmay_the_grid_square_5x5_v, minmay_the_grid_square_5x5_empty,
          minmay_the_grid_square_5x5_checkered_sparse,
          minmay_the_grid_square_5x5_three_small], layout_gridville,
          enter_trove_0
D:11:     layout_cross, david_orc_4, gauntlet_entry_generic
Temple:   eino_narrow_crystal_temple
Gauntlet: gammafunk_gauntlet_mixed_choke_point
          [minmay_gauntlet_arena_77_two_lines, minmay_gauntlet_arena_77_cramped,
          minmay_gauntlet_arena_77_two_paths, gammafunk_gauntlet_arena_mazey,
          minmay_gauntlet_arena_77_broken_ladder,
          minmay_gauntlet_arena_77_block_sizes, minmay_gauntlet_arena_77_mess,
          gauntlet_exit_green]

Skill      XL: |  1  2  3  4  5  6  7  8  9 10 11 |
---------------+----------------------------------+-----
Long Blades    | 3 4 5 7 9 12 13 14 | 14.0
Fighting       | 4 5 |  5.0
Invocations    | 6 10 | 10.0
Armour         | 4 |  4.9
Shields        | |  3.0

Action                   |  1- 3 |  4- 6 |  7- 9 | 10-12 || total
-------------------------+-------+-------+-------+-------++-------
Melee: Long sword        |   140 |   188 |   397 |   844 ||  1569
Throw: Dart              |       |     4 |       |     7 ||    11
Invok: Heroism           |       |       |     4 |     9 ||    13
       Finesse           |       |       |       |     2 ||     2
Evoke: Wand              |       |       |     3 |     3 ||     6
  Use: Scroll            |       |     4 |     1 |     5 ||    10
       Potion            |       |     1 |     1 |     8 ||    10
 Stab: Sleeping          |       |       |     1 |     1 ||     2
  Eat: Chunk             |     3 |     8 |    10 |    16 ||    37
       Ration            |       |       |       |     3 ||     3
Armor: Scale mail        |    74 |    60 |       |       ||   134
       Plate armour      |       |    35 |   113 |       ||   148
       Shadow dragon sca |       |       |   121 |   333 ||   454
       Gold dragon scale |       |       |       |   135 ||   135
Dodge: Dodged            |    40 |    51 |    50 |   106 ||   247
Block: Kite shield       |    71 |    78 |   161 |   327 ||   637
       Rpst.: Long sword |    14 |     8 |    19 |    28 ||    69

Table legend:
 A = Non-vault XP
 B = Vault XP
 C = Vault XP percentage of total XP
 D = Non-vault monster count
 E = Vault monster count
 F = Vault count percentage of total count
                 A         B        C        D         E       F
            +---------+---------+-------+---------+---------+-------
      Total |    7490 |    7170 |  48.9 |     217 |      42 |  16.2
            +---------+---------+-------+---------+---------+-------
        D:1 |      31 |       0 |   0.0 |      19 |       0 |   0.0
        D:2 |      45 |       0 |   0.0 |      25 |       0 |   0.0
        D:3 |     137 |       0 |   0.0 |      26 |       0 |   0.0
        D:4 |      83 |       0 |   0.0 |       4 |       0 |   0.0
        D:5 |     270 |     129 |  32.3 |       9 |       1 |  10.0
        D:6 |     811 |     264 |  24.6 |      25 |       1 |   3.8
        D:7 |    1486 |    1199 |  44.7 |      27 |       4 |  12.9
        D:8 |     994 |     255 |  20.4 |      38 |       6 |  13.6
        D:9 |    3262 |     593 |  15.4 |      36 |      10 |  21.7
       D:10 |     337 |     580 |  63.2 |       7 |       3 |  30.0
     Temple |      34 |       0 |   0.0 |       1 |       0 |   0.0
   Gauntlet |       0 |    4150 | 100.0 |       0 |      17 | 100.0
            +---------+---------+-------+---------+---------+-------
